 Dungeon Crawl Stone Soup version 0.29-a0-321-gf1c400731a (webtiles) character file.

Game seed: 5634120136281632282

406 Flugslaktarn the Vexing (level 6, -3/50 HPs)
             Began as a Palentonga Enchanter on Apr 3, 2022.
             Slain by a gnoll shaman
             ... wielding a +3 whip of pain
              (11 damage)
             ... on level 5 of the Dungeon.
             The game lasted 00:09:16 (1668 turns).

Flugslaktarn the Vexing (Palentonga Enchanter)      Turns: 1668, Time: 00:09:16

Health: -3/50      AC:  6    Str: 12    XL:     6   Next: 56%
Magic:  5/9        EV:  9    Int: 15    God:
Gold:   211        SH:  3    Dex: 12    Spells: 4/9 levels left

rFire   . . .      SeeInvis +   a - +3 dagger (spect)
rCold   . . .      Faith    .   h - +0 buckler
rNeg    . . .      Spirit   .   b - +0 robe
rPois   .          Reflect  .   g - +0 helmet
rElec   .          Harm     .   (no cloak)
rCorr   .          Rampage  .   k - +0 pair of gloves
Will    .....                   (no barding)
Stlth   +.........              (no amulet)
HPRegen 0.16/turn               (no ring)
MPRegen 0.11/turn               (no ring)

@: confusing by touch, lit by a corona, glowing
A: large, rugged brown scales 3, see invisible, deformed body, roll 1, armoured
tail
a: Rolling Charge


You were on level 5 of the Dungeon.
You visited 1 branch of the dungeon, and saw 5 of its levels.

You collected 211 gold pieces.

Inventory:

Hand Weapons
 a - a +3 spectral dagger (weapon)
 n - a +1 vorpal hunting sling
   (You took it off a goblin on level 2 of the Dungeon)
Armour
 b - a +0 robe (worn)
 d - a +2 ring mail of cold resistance
   (You found it on level 2 of the Dungeon)
 g - a +0 helmet (worn)
   (You found it on level 1 of the Dungeon)
 h - a +0 buckler (worn)
   (You found it on level 1 of the Dungeon)
 k - a +0 pair of gloves (worn)
   (You found it on level 2 of the Dungeon)
Magical Staves
 j - a staff of fire
   (You found it on level 3 of the Dungeon)
Scrolls
 c - a scroll of identify {unknown}
 e - a scroll of vulnerability {unknown}
 f - a scroll of fog {unknown}
 i - a scroll of amnesia {unknown}
 m - a scroll of blinking {unknown}
 o - a scroll of enchant armour {unknown}
 t - 2 scrolls of teleportation
Potions
 l - a potion of heal wounds {unknown}
 p - 2 potions of might {unknown}


   Skills:
 - Level 3.0 Fighting
 - Level 4.0 Short Blades
 - Level 1.5 Dodging
 - Level 2.0 Stealth
 - Level 2.0 Spellcasting
 + Level 5.1 Hexes
 - Level 1.0 Ice Magic


You had 4 spell levels left.
You knew the following spells:

 Your Spells              Type           Power      Damage    Failure   Level
a - Ensorcelled Hibernat  Hex/Ice        20%        N/A       12%         2
b - Confusing Touch       Hex            16%        N/A       11%         3

Your spell library contained the following spells:

 Spells                   Type           Power      Damage    Failure   Level
 Tukima's Dance           Hex            16%        N/A       11%         3
 Dazzling Flash           Conj/Hex       18%        N/A       30%         3
 Passwall                 Tmut/Erth      0%         N/A       38%         2
 Swiftness                Air            1%         N/A       63%         3


Dungeon Overview and Level Annotations

Branches:
Dungeon (5/15)
 Temple: D:4-7

Altars:
Fedhas

Annotations:
D:4 Sigmund


Innate Abilities, Weirdness & Mutations

You are completely covered in rugged brown scales. (AC +3, +7% HP)
You have supernaturally acute eyesight. (SInv)
Armour fits poorly on your strangely shaped body.
You can roll at nearby foes to attack.
You have a long armoured tail.


Message History

Level annotation: Sigmund
Found a ring mail.
There is a stone staircase leading up here.
You open the door.
There is an open door here.
There is an open door here.
You see here a +0 ring mail.
You open the door.
There is an open door here.
HP restored.
You see here 4 poisoned darts.
There is a stone staircase leading down here.
You climb downwards.
There is a stone staircase leading up here.
Unknown command.
There is a stone staircase leading up here.
Found 2 red potions.
Found 6 poisoned darts.
p - 2 red potions A shadow imp comes into view.
The shadow imp shouts, "Quit, thou peaked hasty-witted coxcomb!"
The shadow imp gestures at you. Pain shoots through your body!
You see here 6 poisoned darts.
You closely miss the shadow imp. The shadow imp hits you.
You hit the shadow imp but do no damage.
The shadow imp hits you but does no damage.
You closely miss the shadow imp.
Your tail-slap misses the shadow imp.
You block the shadow imp's attack.
You closely miss the shadow imp.
Your tail-slap misses the shadow imp.
You block the shadow imp's attack.
You barely miss the shadow imp.
Casting: Ensorcelled Hibernation (safe; 12% risk of failure)
Confirm with . or Enter, or press ? or * to list all spells.
Your hands begin to glow red.
The shadow imp gestures at you. Pain shoots through your body!
You hit the shadow imp but do no damage.
You tail-slap the shadow imp, but do no damage.
The shadow imp hits you but does no damage.
You closely miss the shadow imp. The shadow imp hits you.
You hit the shadow imp but do no damage.
The shadow imp appears confused.
You catch the helpless shadow imp completely off-guard!
You puncture the shadow imp!
You kill the shadow imp!
Found 18 gold pieces.
You now have 211 gold pieces (gained 18).
The goblin shouts!
The gnoll shaman shouts!
The gnoll shaman hits you but does no damage.
The gnoll shaman invokes the aid of its god against you.
You are outlined in light.
Press: ? - help, v - describe, . - travel
Here: a gnoll shaman, wielding a +3 whip of pain and wearing a +0 robe The floor.
Unknown command.
You see here 6 poisoned darts.
Casting: Confusing Touch (dangerous; 11% risk of failure)
Confirm with . or Enter, or press ? or * to list all spells.
Aiming: Ensorcelled Hibernation (safe; 12% risk of failure)
Press: ? - help, Shift-Dir - straight line, f - gnoll shaman
Aim: a gnoll shaman, wielding a +3 whip of pain and wearing a +0 robe (chance to affect: 44%)
The gnoll shaman looks drowsy...
The gnoll shaman shouts!
The gnoll shaman hits you with a +3 whip of pain!
You writhe in agony.
You hit the gnoll shaman but do no damage.
The gnoll shaman hits you with a +3 whip of pain.
You writhe in agony.
You hit the gnoll shaman but do no damage.
The gnoll shaman closely misses you.
You hit the gnoll shaman but do no damage.
You tail-slap the gnoll shaman, but do no damage.
You see here 6 poisoned darts.
Casting: Ensorcelled Hibernation (safe; 12% risk of failure)
Confirm with . or Enter, or press ? or * to list all spells.
Your hands begin to glow red.
The gnoll shaman hits you with a +3 whip of pain!
You writhe in agony.
You barely miss the gnoll shaman.
Your tail-slap misses the gnoll shaman.
The gnoll shaman hits you with a +3 whip of pain!
* * * LOW HITPOINT WARNING * * *
You writhe in agony.
* * * LOW HITPOINT WARNING * * *
Unknown command.
You feel better.
The gnoll shaman hits you with a +3 whip of pain.
* * * LOW HITPOINT WARNING * * *
You hit the gnoll shaman but do no damage.
The gnoll shaman closely misses you.
You closely miss the gnoll shaman.
The gnoll shaman hits you with a +3 whip of pain.
* * * LOW HITPOINT WARNING * * *
You writhe in agony.
* * * LOW HITPOINT WARNING * * *
You hit the gnoll shaman but do no damage.
You tail-slap the gnoll shaman.
The gnoll shaman is lightly wounded.
The gnoll shaman hits you with a +3 whip of pain!
You die...

#.........#. ...
#.<........# #..
##########.#### #.#
######.....g.####.#
##......##..#.'..#.#
#.....o####.###..#.#
######g# #... ##.#
#g###########.#
#.@....###..#.#####
######......<......
########..#### ##.#
... ####


You could see a gnoll shaman, an orc and a goblin.

Vanquished Creatures
  Grinder (D:4)
  An iguana (D:4)
  Robin (D:2)
  3 gnolls (D:4)
  6 adders
  A shadow imp (D:5)
  An ufetubus (D:4)
  3 worms
  A dart slug (D:1)
  5 ball pythons
  5 bats
  6 endoplasms
  A giant cockroach (D:1)
  15 goblins
  6 hobgoblins
  3 jackals (D:1)
  A frilled lizard (D:1)
  6 kobolds
  6 rats
72 creatures vanquished.

Vanquished Creatures (others)
  6 fungi (D:2)
6 creatures vanquished.

Grand Total: 78 creatures vanquished

Notes
Turn   | Place    | Note
-------+----------+-------------------------------------------
     0 | D:1      | Flugslaktarn the Palentonga Enchanter began the quest for
                  | the Orb.
     0 | D:1      | Reached XP level 1. HP: 13/13 MP: 3/3
    34 | D:1      | Reached skill level 1 in Fighting
    91 | D:1      | Reached XP level 2. HP: 23/23 MP: 5/5
   131 | D:1      | Learned a level 2 spell: Ensorcelled Hibernation
   347 | D:2      | Reached skill level 1 in Ice Magic
   354 | D:2      | You fall into a shaft and drop 1 floor!
   430 | D:2      | Noticed Robin
   483 | D:2      | Reached XP level 3. HP: 8/28 MP: 6/6
   804 | D:2      | Found a faded altar of an unknown god.
   913 | D:2      | Reached skill level 4 in Hexes
   943 | D:2      | Reached XP level 4. HP: 21/35 MP: 2/7
  1028 | D:2      | Killed Robin
  1161 | D:4      | Found a blossoming altar of Fedhas.
  1191 | D:4      | Reached XP level 5. HP: 38/41 MP: 3/8
  1218 | D:4      | Noticed Sigmund
  1311 | D:5      | Entered Level 5 of the Dungeon
  1398 | D:4      | Noticed Grinder
  1411 | D:4      | Paralysed by Grinder for 4 turns
  1422 | D:4      | Paralysed by Grinder for 2 turns
  1428 | D:4      | Killed Grinder
  1429 | D:4      | Reached skill level 5 in Hexes
  1429 | D:4      | Reached XP level 6. HP: 25/50 MP: 9/9
  1433 | D:4      | Learned a level 3 spell: Confusing Touch
  1668 | D:5      | Slain by a gnoll shaman

Illustrated notes

Levels and vault maps discovered:
D:1:      minmay_arrival_stone_box, layout_loops_cross, minmay_misc_feat_roman
D:2:      layout_basic, ebering_ecumenical_altar_hall,
          dreamdust_mushroom_princess, minmay_statues_item,
          kennysheep_generic_room_5, uniq_robin
D:3:      layout_loops_ring
D:4:      layout_gridville, old_standard_altar, minmay_temple_entry_fiery,
          kennysheep_generic_room_15, uniq_grinder, uniq_sigmund
D:5:      layout_rooms, nicolae_alphabet_shops, corexii_checkpoint_a,
          hangedman_decor_opposing, corner_web_ring,
          hangedman_abyss_or_decor_passed

Skill      XL: |  1  2  3  4  5 |
---------------+----------------+-----
Fighting       | 1 2 3 |  3.0
Ice Magic      | 1 |  1.0
Hexes          | 4 5 |  5.1
Short Blades   | 2 4 |  4.0
Dodging        | |  1.5
Stealth        | |  2.0
Spellcasting   | |  2.0

Action                   |  1- 3 |  4- 6 || total
-------------------------+-------+-------++-------
Melee: Dagger            |   137 |    71 ||   208
       Punch             |     2 |       ||     2
       Tailslap          |    13 |    13 ||    26
 Fire: Hunting sling     |     4 |       ||     4
 Cast: Ensorcelled Hiber |    17 |     9 ||    26
       Confusing Touch   |       |     2 ||     2
 Abil: Rolling Charge    |     1 |       ||     1
  Use: Potion            |     1 |     3 ||     4
       Scroll            |     4 |     1 ||     5
 Stab: Sleeping          |    11 |     5 ||    16
       Invisible         |       |     1 ||     1
       Confused          |       |     1 ||     1
Armor: Robe              |    68 |    23 ||    91
Dodge: Dodged            |    87 |    23 ||   110
Block: Buckler           |     9 |     6 ||    15

Table legend: (Time is in decaauts)
 A = Elapsed time spent in this place.
 B = Non-inter-level travel time spent in this place.
 C = Inter-level travel time spent in this place.
 D = Time resting spent in this place.
 E = Time spent auto-exploring this place.
 F = Levels seen in this place.
 G = Mean time per level.
                   A        B        C        D        E       F      G
               +--------+--------+--------+--------+--------+-----+--------+
         Total |   1664 |   1623 |     41 |      0 |      0 |   5 |  332.8 |
       Dungeon |   1664 |   1623 |     41 |      0 |      0 |   5 |  332.8 |
               +--------+--------+--------+--------+--------+-----+--------+

Top non-repeatable levels by time:
     D:2: 598 daAuts
     D:1: 499 daAuts
     D:4: 395 daAuts
     D:3: 98 daAuts
     D:5: 72 daAuts
